 Dungeon Crawl Stone Soup version 0.25-a0-566-g062765be81 (webtiles) character file.

Game seed: 14532787737044304474, levelgen mode: deterministic

173 Flugslaktarn the Skirmisher (level 5, -4/47 HPs)
             Began as a Minotaur Fighter on Feb 27, 2020.
             Killed from afar by an orc wizard (9 damage)
             ... with a puff of flame
             ... on level 4 of the Dungeon.
             The game lasted 00:00:53 (1208 turns).

Flugslaktarn the Skirmisher (Minotaur Fighter)      Turns: 1208, Time: 00:00:54

Health: -4/47      AC:  7    Str: 22    XL:     5   Next: 28%
Magic:  0/4        EV:  7    Int:  5    God:
Gold:   27         SH:  9    Dex:  9    Spells: 4/4 levels left

rFire    . . .     SeeInvis .   a - +0 war axe
rCold    . . .     Gourm    .   c - +0 kite shield
rNeg     . . .     Faith    .   b - +0 scale mail
rPois    .         Spirit   +   (helmet restricted)
rElec    .         Reflect  .   k - scarf {Spirit}
rCorr    .         Harm     .   (no gloves)
MR       .....                  (no boots)
Stlth    ..........             (no amulet)
HPRegen  0.15/turn              (no ring)
MPRegen  0.09/turn              (no ring)

@: no status effects
A: retaliatory headbutt, horns 2
a: no special abilities


You were on level 4 of the Dungeon.
You were very hungry.

You visited 1 branch of the dungeon, and saw 4 of its levels.

You collected 27 gold pieces.

Inventory:

Hand Weapons
 a - a +0 war axe (weapon)
Armour
 b - a +0 scale mail (worn)
 c - a +0 kite shield (worn)
 k - a scarf of spirit shield (worn)
   (You found it on level 2 of the Dungeon)
Jewellery
 l - an uncursed ring of poison resistance {unknown}
   (You found it on level 2 of the Dungeon)
Scrolls
 g - a scroll of identify {unknown}
 h - a scroll of remove curse {unknown}
 i - a scroll of teleportation {unknown}
Potions
 d - a potion of might
 f - a potion of invisibility {unknown}
 j - a potion of brilliance {unknown}
 m - a potion of degeneration {unknown}
Comestibles
 e - 2 rations


   Skills:
 + Level 4.5 Fighting
 * Level 4.5 Axes
 + Level 4.5 Armour
 + Level 4.5 Shields


You had 4 spell levels left.
You didn't know any spells.
Your spell library was empty.

Dungeon Overview and Level Annotations

Branches:
Dungeon (4/15)
 Temple: D:4-7

Altars:

Shops:
D:4 ?


Innate Abilities, Weirdness & Mutations

You reflexively headbutt those who attack you in melee.
You have a pair of horns on your head.


Message History

Something hits you but does no damage.
You slash the orc!
You kill the orc!
You hit something.
You feel sick.
You hear some strange, mumbled words.
A magic dart appears from out of thin air!
The magic dart hits you but does no damage.
You closely miss something. You headbutt something.
You block something's attack. Something hits you.
* * * LOW HITPOINT WARNING * * *
You closely miss something. Your headbutt misses something. Something hits you.
Your shield prevents you from hitting something.
You feel sick.
You are no longer poisoned.
You block something's attack.
You closely miss something.
You hear some strange, mumbled words.
A puff of flame appears from out of thin air!
The puff of flame hits you!
You die...

.. ###......## ...
...)....^#. ....
#...........
.......##...........
....................
....>..$............
...........)........
#.........@)........
#....$....8{8.8.....
.......†...⌠.⌠......
#.?..<†.8.∩.8.....
#........⌠.⌠......
....##....8.8.8.....
... #............##
. ............###
..#.#.#.#.#....


There were no monsters in sight!

Vanquished Creatures
  A howler monkey (D:4)
  Natasha (D:2)
  4 gnolls (D:2)
  2 adders
  An ooze (D:2)
  2 worms (D:2)
  2 dart slugs
  A leopard gecko (D:1)
  4 orcs (D:4)
  3 giant cockroaches
  2 goblins (D:1)
  4 hobgoblins
  A quokka (D:2)
  2 ball pythons
  4 bats
  A frilled lizard (D:2)
  3 kobolds
  3 rats
41 creatures vanquished.

Notes
Turn   | Place    | Note
-------+----------+-------------------------------------------
     0 | D:1      | Flugslaktarn the Minotaur Fighter began the quest for the
                  | Orb.
     0 | D:1      | Reached XP level 1. HP: 19/19 MP: 0/0
   100 | D:1      | Reached XP level 2. HP: 27/27 MP: 1/1
   315 | D:2      | Reached XP level 3. HP: 13/33 MP: 2/2
   574 | D:2      | Reached XP level 4. HP: 5/40 MP: 3/3
   944 | D:2      | Noticed Natasha
   964 | D:2      | Killed Natasha
  1163 | D:4      | Found Sostitan's Magic Scroll Emporium.
  1173 | D:4      | Reached XP level 5. HP: 45/47 MP: 4/4
  1208 | D:4      | Killed from afar by an orc wizard

Levels and vault maps discovered:
D:1:      dpeg_arrival_court, layout_loops_cross, kennysheep_pointless_box,
          minmay_tall_x
D:2:      layout_rooms, lemuel_round_altar, uniq_natasha
D:3:      layout_loops_cross, serial_bayou, serial_bayou_pond_a,
          serial_bayou_shore_a, serial_bayou_ford_a, serial_bayou_lagoon_a,
          serial_bayou_lagoon_b, first_ration, chequers_avenue, uniq_ijyb
D:4:      layout_cave_pools, minmay_temple_entry_glass, serial_shops,
          nicolae_shop_temple_entry_statues_fountains, serial_glass,
          glass_columns_b, glass_columns_a, st_stairs_9, tso_altar

Skill      XL: |  1  2  3  4 |
---------------+-------------+-----
Axes           | 3 4 |  4.5
Armour         | 4 |  4.5
Shields        | 4 |  4.5
Fighting       | 4 |  4.5

Action                   |  1- 3 |  4- 6 || total
-------------------------+-------+-------++-------
Melee: War axe           |    58 |    63 ||   121
       Headbutt          |    11 |    12 ||    23
Armor: Scale mail        |    29 |    20 ||    49
Dodge: Dodged            |    23 |    15 ||    38
Block: Kite shield       |    34 |    48 ||    82

Table legend:
 A = Non-vault XP
 B = Vault XP
 C = Vault XP percentage of total XP
 D = Non-vault monster count
 E = Vault monster count
 F = Vault count percentage of total count
                 A         B        C        D         E       F
            +---------+---------+-------+---------+---------+-------
      Total |     213 |      35 |  14.1 |      40 |       1 |   2.4
            +---------+---------+-------+---------+---------+-------
        D:1 |      24 |       0 |   0.0 |      12 |       0 |   0.0
        D:2 |     102 |      35 |  25.5 |      17 |       1 |   5.6
        D:3 |       6 |       0 |   0.0 |       4 |       0 |   0.0
        D:4 |      81 |       0 |   0.0 |       7 |       0 |   0.0
            +---------+---------+-------+---------+---------+-------
